 Dungeon Crawl Stone Soup version 0.30-a0-782-ge64f9170bb (webtiles) character file.

Game seed: 9533010034467165582

103 112233 the Insei (level 4, -3/43 HPs)
             Began as an Octopode Transmuter on Feb 25, 2023.
             Slain by a gnoll
             ... wielding a +0 spear
              (7 damage)
             ... on level 3 of the Dungeon.
             The game lasted 00:02:03 (2126 turns).

112233 the Insei (Octopode Transmuter)              Turns: 2126, Time: 00:02:04

Health: -3/43      AC:  1    Str:  9    XL:     4   Next: 79%
Magic:  7/7        EV: 13    Int: 17    God:
Gold:   147        SH:  0    Dex: 12    Spells: 2/8 levels left

rFire   . . .      SeeInvis .      - Unarmed
rCold   . . .      Faith    .    (no shield)
rNeg    . . .      Spirit   .    (helmet currently unavailable)
rPois   .          Reflect  .    a - amulet of magic regeneration
rElec   .          Harm     .    (no ring)
rCorr   .          Rampage  .    (no ring)
Will    .....                    (no ring) Stlth
                                 (no ring)
HPRegen 0.27/turn                (no ring)
MPRegen 0.50/turn                (no ring)
                                 (no ring)
                                 (no ring)

@: berserking, appendages (expiring), wereblooded, very quick
A: tentacle spike 3, almost no armour, amphibious, 8 rings, camouflage 1,
gelatinous body 1, (nimble swimmer 1), tentacles
a: End Transformation


You were on level 3 of the Dungeon.
One of your tentacles had grown a beastly spike.
You visited 1 branch of the dungeon, and saw 3 of its levels.

You collected 147 gold pieces.

Inventory:

Jewellery
 a - an amulet of magic regeneration (around mantle)
Wands
 m - a wand of flame (26)
Scrolls
 c - a scroll of noise {unknown}
 d - 2 scrolls of enchant weapon {unknown}
 e - 3 scrolls of magic mapping {unknown}
 g - a scroll of amnesia {unknown}
 h - 2 scrolls of teleportation {unknown}
 i - a scroll of silence {unknown}
 j - 3 scrolls of identify {unknown}
 l - 3 scrolls of blinking {unknown}
Potions
 k - a potion of cancellation {unknown}


   Skills:
 + Level 2.0 Fighting
 + Level 2.7 Dodging
 + Level 3.5 Unarmed Combat
 + Level 2.6 Spellcasting
 + Level 2.7 Transmutations


You had 2 spell levels left.
You knew the following spells:

 Your Spells              Type           Power      Damage    Failure   Level
a - Beastly Appendage     Tmut           22%        N/A       6%          1
b - Wereblood             Tmut           11%        N/A       9%          2
c - Spider Form           Tmut/Pois      6%         N/A       30%         3

Your spell library contained the following spells:

 Spells                   Type           Power      Damage    Failure   Level
 Ice Form                 Ice/Tmut       6%         N/A       71%         4


Dungeon Overview and Level Annotations

Branches:
Dungeon (3/15)

Altars:

Annotations:
D:1 exclusion: downstairs
D:3 exclusion: upstairs


Innate Abilities, Weirdness & Mutations

One of your tentacles has grown a beastly spike.
You cannot wear most types of armour.
You are amphibious.
You can wear up to eight rings at the same time.
Your skin changes colour to match your surroundings (Stealth+).
Your rubbery body absorbs attacks. (AC +1, EV +1)
((You are camouflaged when in or above water. (Stealth+)))
You have tentacles for arms and can constrict up to eight enemies at once.


Message History

Unknown command.
You tentacle-slap the gnoll but do no damage.
You pierce the gnoll.
The gnoll is almost dead.
You constrict the gnoll.
You feel a bit better.
You kill the gnoll!
The gnoll hits you from afar with a +0 spear.
Unknown command.
The gnoll hits you with a +0 club! The gnoll closely misses you.
Things that are here:
a +0 flail; a gnoll corpse Unknown command.
You closely miss the gnoll. Your grab misses the gnoll. You squeeze the gnoll.
The gnoll is lightly wounded.
The gnoll hits you with a +0 club! The gnoll hits you with a +0 spear.
* * * LOW HITPOINT WARNING * * *
You are too injured to fight recklessly!
You are too injured to fight recklessly!
It was a potion of curing.
You feel better. The gnoll misses you. The gnoll hits you with a +0 spear!
You feel better. The gnoll misses you. The gnoll hits you with a +0 spear!
* * * LOW HITPOINT WARNING * * *
Your magical contamination has completely faded away.
Unknown command.
It was a potion of berserk rage.
A red film seems to cover your vision as you go berserk!
You feel yourself moving faster!
You feel mighty! The gnoll closely misses you.
The gnoll hits you with a +0 spear.
* * * LOW HITPOINT WARNING * * *
Unknown command.
You barely miss the gnoll. Your grab misses the gnoll.
The gnoll barely misses you. The gnoll hits you with a +0 spear.
* * * LOW HITPOINT WARNING * * *
You tentacle-slap the gnoll. Your grab misses the gnoll.
Your tentacle spike misses the gnoll.
The gnoll is moderately wounded.
You closely miss the gnoll. Your grab misses the gnoll.
You pierce the gnoll.
The gnoll is almost dead.
The gnoll misses you. The gnoll hits you with a +0 spear!
You die...

##..# ##...# ###
#########....#
...###...####..###
...###....###..#
...###...$###..###########
#...#...#..##..#....†....###
##.....##.g#..######........
###.?.###.g@.##.# #.###.#.#
###...###...##.## #.# #.#.#
##...#######.## #.# #.#.#
#########.###.######.# #.#..
#....#.###.##.#...##.# #.###
#.#...## ##..........# #.#
#....#.###.####...#### #.#
####.##.#)## ##.## #.#
#.###.## #.# #.#


You could see 2 gnolls.

Vanquished Creatures
  3 adders (D:3)
  2 gnolls
  2 worms
  A dart slug (D:3)
  4 orcs (D:3)
  5 endoplasms
  2 goblins (D:3)
  7 hobgoblins
  3 jackals (D:3)
  4 kobolds
  2 ball pythons (D:1)
  5 bats
  3 frilled lizards
  3 rats (D:1)
46 creatures vanquished.

Notes
Turn   | Place    | Note
-------+----------+-------------------------------------------
     0 | D:1      | 112233 the Octopode Transmuter began the quest for the Orb.
     0 | D:1      | Reached XP level 1. HP: 13/13 MP: 3/3
   171 | D:1      | Reached XP level 2. HP: 14/18 MP: 5/5
   643 | D:1      | Learned a level 2 spell: Wereblood
   688 | D:1      | Reached XP level 3. HP: 16/23 MP: 6/6
  1035 | D:2      | Learned a level 3 spell: Spider Form
  1395 | D:3      | Reached XP level 4. HP: 27/29 MP: 7/7
  1423 | D:3      | Found a faded altar of an unknown god.
  2126 | D:3      | Slain by a gnoll

Illustrated notes

Levels and vault maps discovered:
D:1:      lemuel_arrival_muddy, layout_basic, grunt_decor_mini_mirrors,
          minivault_27
D:2:      layout_basic, small_statue_intersection
D:3:      layout_loops_ring, hellmonk_ecumenical_altar_defaced_shrine,
          hangedman_glass_teeth, grunt_decor_arrowhead

Skill      XL: |  1  2  3  4 |
---------------+-------------+-----
Fighting       | 2 |  2.0
Dodging        | |  2.7
Unarmed Combat | |  3.5
Spellcasting   | |  2.6
Transmutations | |  2.7

Action                     |  1- 3 |  4- 6 || total
---------------------------+-------+-------++-------
  Melee: Unarmed           |    72 |    41 ||   113
         Constrict         |    19 |    10 ||    29
         Tentacles         |    14 |     6 ||    20
         Punch             |     3 |     3 ||     6
         Kick              |     7 |    11 ||    18
   Cast: Beastly Appendage |     5 |     4 ||     9
         Wereblood         |     2 |     2 ||     4
    Use: Potion            |     1 |     3 ||     4
   Stab: Sleeping          |     7 |     2 ||     9
         Distracted        |       |     1 ||     1
 Armour: Skin              |     7 |     1 ||     8
  Dodge: Dodged            |    41 |    19 ||    60

Table legend: (Time is in decaauts)
 A = Elapsed time spent in this place.
 B = Non-inter-level travel time spent in this place.
 C = Inter-level travel time spent in this place.
 D = Time resting spent in this place.
 E = Time spent auto-exploring this place.
 F = Levels seen in this place.
 G = Mean time per level.
                   A        B        C        D        E       F      G
               +--------+--------+--------+--------+--------+-----+--------+
         Total |   2117 |   2059 |     58 |    385 |   1292 |   3 |  705.7 |
       Dungeon |   2117 |   2059 |     58 |    385 |   1292 |   3 |  705.7 |
               +--------+--------+--------+--------+--------+-----+--------+

Top non-repeatable levels by time:
     D:3: 1022 daAuts
     D:1: 964 daAuts
     D:2: 131 daAuts
